 Dungeon Crawl Stone Soup version 0.30.1-11-g7821555f0a (webtiles) character file.

Game seed: 16604302999420433417

36 Peloso the Covered (level 3, 33/33 HPs)
             Began as a Minotaur Fighter on Dec 12, 2023.
             Got out of the dungeon alive.
             The game lasted 00:01:29 (654 turns).

Peloso the Covered (Minotaur Fighter)                Turns: 654, Time: 00:01:29

Health: 33/33      AC: 10    Str: 19    XL:     3   Next: 19%
Magic:  2/2        EV:  9    Int:  9    God:
Gold:   38         SH:  4    Dex: 10    Spells: 2/2 levels left

rFire   . . .        a - +0 long sword (vamp)
rCold   . . .        d - +0 buckler
rNeg    . . .        b - +0 scale mail
rPois   .            (helmet restricted)
rElec   .            (no cloak)
rCorr   .            c - +2 pair of gloves
SInv    .            (no boots)
Will    .....        (no amulet) Stlth
                     (no ring)
HPRegen 0.25/turn    (no ring)
MPRegen 0.08/turn

%: no passive effects
@: no status effects
A: horns 2, retaliatory headbutt, clever 1, teleportitis 1
a: no special abilities


You escaped.
You visited 1 branch of the dungeon, and saw 1 of its levels.

You collected 38 gold pieces.

Inventory:

Hand Weapons
 a - a +0 vampiric long sword (weapon)
Armour
 b - a +0 scale mail (worn)
 c - a +2 pair of gloves (worn)
 d - a +0 buckler (worn)
Scrolls
 i - a scroll of identify {unknown}
Potions
 g - a potion of might


   Skills:
 + Level 4.2 Fighting
 + Level 2.7 Long Blades
 + Level 4.3 Armour
 + Level 0.7 Dodging
 + Level 3.7 Shields


You had 2 spell levels left.
You didn't know any spells.
Your spell library contained the following spells:

 Spells                   Type           Power      Damage    Failure   Level
 Cigotuvi's Dreadful Rot  Necr/Pois/Air  0%         N/A       91%         2
 Dispel Undead            Necr           0%         3d6       100%        4
 Death Channel            Necr           0%         N/A       100%        6


Dungeon Overview and Level Annotations

Branches:
Dungeon (1/15)

Altars:


Innate Abilities, Weirdness & Mutations

You have a pair of horns on your head.
You reflexively headbutt those who attack you in melee.
Your mind is acute. (Int +4, Str/Dex -1)
You are occasionally teleported next to monsters.


Message History

10 gold pieces; a giant cockroach corpse The bat hits you but does no damage.
The bat attacks as you move away! You block the bat's attack.
The bat hits you but does no damage.
Things that are here:
10 gold pieces; a giant cockroach corpse The bat attacks as you move away!
The bat closely misses you. You furiously retaliate!
You headbutt the bat!
You kill the bat!
You see here a rat corpse.
You see here a rat corpse.
You now have 38 gold pieces (gained 10).
You see here a giant cockroach corpse.
h - a scroll labelled SYOTAK ILY You pick up a book of Decay and begin reading...
You add the spells Cigotuvi's Dreadful Rot, Dispel Undead and Death Channel to your library.
i - a scroll labelled GERANO FITRUNK You see here a +0 buckler.
Done exploring.
Done exploring.
Done exploring.
Done exploring.
As you read the scroll labelled ZIHYTS QOMOL, it crumbles to dust.
It is a scroll of brand weapon.
Your +0 long sword thirsts for the lives of mortals!
a - a +0 vampiric long sword (weapon)
Blink to where?
Press: ? - help, Dir - move target
As you read the scroll labelled SYOTAK ILY, it crumbles to dust.
It was a scroll of blinking.
It was a potion of mutation.
You feel extremely strange.
You feel clever.
You feel weirdly uncertain.
(D) Dungeon
Where to? (? - help)
What level of the Dungeon? (default 1, ? - help)
You enter the shallow water.
Moving in this stuff is going to be slow.
There is a staircase leading out of the dungeon here.
Are you sure you want to leave the Dungeon?
This will make you lose the game!
You have escaped!

.....###.......########.#
##..........#.## ####.#
#.(..#######.# #....#
#....# #.######.##.#
##....# #........##.#
......# #.#####..##.#
###################..##.#
#~P~.........#..##.#
#~~P##.###.@.#####.#
#P~P##.# #...# #.# ###
#.##P~P# ###.#####.# ..#
#.##~PP# #.##....# ..#
#...~P~#####.##.#### ..#
#.#####~~P...#..# ..##
#.# #P~P##.#.##
...###.### #~PP##.#)#
....##...# #.##P~~#.#


There were no monsters in sight!

Vanquished Creatures
  3 bats (D:1)
  3 endoplasms (D:1)
  3 giant cockroaches (D:1)
  2 goblins (D:1)
  2 hobgoblins (D:1)
  5 jackals (D:1)
  A kobold (D:1)
  5 quokkas (D:1)
  2 ball pythons (D:1)
  A frilled lizard (D:1)
  2 rats (D:1)
29 creatures vanquished.

Notes
Turn   | Place    | Note
-------+----------+-------------------------------------------
     0 | D:1      | Peloso the Minotaur Fighter began the quest for the Orb.
     0 | D:1      | Reached XP level 1. HP: 19/19 MP: 0/0
    38 | D:1      | Reached XP level 2. HP: 26/27 MP: 1/1
   427 | D:1      | Found a faded altar of an unknown god.
   439 | D:1      | Reached XP level 3. HP: 31/33 MP: 2/2
   608 | D:1      | Gained mutation: Your mind is acute. (Int +4, Str/Dex -1)
                  | [potion of mutation]
   608 | D:1      | Gained mutation: You are occasionally teleported next to
                  | monsters. [potion of mutation]
   654 | D:$      | Got out of the dungeon alive.

Illustrated notes

Levels and vault maps discovered:
D:1:      psy_arrival_conway, layout_basic, shapermc_ecumenical_altar_venn

Skill      XL: |  1 |
---------------+----+-----
Fighting       | 4 |  4.2
Armour         | 4 |  4.3
Long Blades    | |  2.7
Dodging        | |  0.7
Shields        | |  3.7

Action                     || total
---------------------------++-------
  Melee: Long sword        ||    57
         Headbutt          ||    13
    Use: Potion            ||     2
         Scroll            ||     2
 Armour: Scale mail        ||    42
  Dodge: Dodged            ||    36
  Block: Buckler           ||    22
